 Dungeon Crawl Stone Soup version 0.24.0-5-g267a8d59f4 (webtiles) character file.

Game seed: 17328560782307431952, levelgen mode: deterministic

11 wullow the Sneak (level 2, -4/30 HPs)
             Began as a Naga Wanderer on Nov 2, 2019.
             Slain by a bone dragon (14 damage)
             ... on level 1 of the Abyss.
             The game lasted 00:02:00 (255 turns).

wullow the Sneak (Naga Wanderer)                     Turns: 255, Time: 00:02:00

Health: -4/30      AC:  1    Str: 13    XL:     2   Next: 29%
Magic:  2/2        EV:  9    Int: 11    God:
Gold:   48         SH:  0    Dex: 12    Spells: 1/1 levels left

rFire    . . .     SeeInvis +   a - +2 spear
rCold    . . .     Gourm    .   (no shield)
rNeg     . . .     Faith    .   d - +0 robe
rPois    +         Spirit   .   (no helmet)
rElec    .         Reflect  .   (no cloak)
rCorr    .         Harm     .   (no gloves)
MR       .....                  (no barding)
Stlth    +++.......             (no amulet)
HPRegen  0.10/turn              (no ring)
MPRegen  0.08/turn              (no ring)

@: very slow
A: large, see invisible, deformed body, poison resistance, slowness 2, slow
metabolism 1, spit poison 1, AC +0
a: Spit Poison


You were on level 1 of the Abyss.
You were not hungry.

You visited 1 branch of the dungeon, and saw 1 of its levels.
You visited the Abyss 1 time.

You collected 48 gold pieces.

Inventory:

Hand Weapons
 a - a +2 spear (weapon)
 b - a +0 short sword
 e - a +0 dagger
Armour
 d - a +0 robe (worn)
 j - a +0 pair of boots
Wands
 h - a wand of polymorph (4)
Scrolls
 c - 2 scrolls of teleportation
 i - 2 scrolls of magic mapping {unknown}
 k - a scroll of vulnerability {unknown}
Potions
 l - a potion of haste {unknown}
Comestibles
 f - 4 rations
 g - 2 chunks of flesh


   Skills:
 + Level 4.2 Fighting
 - Level 1.0 Throwing
 - Level 1.5 Armour
 + Level 5.0 Stealth


You had one spell level left.
You didn't know any spells.
Your spell library was empty.

Dungeon Overview and Level Annotations

Branches:
Dungeon (1/15)

Altars:


Innate Abilities, Weirdness & Mutations

You cannot wear boots.
Your serpentine skin is tough. (AC +0)
You have supernaturally acute eyesight. (SInv)
Armour fits poorly on your strangely shaped body.
Your system is resistant to poisons. (rPois)
You cover ground very slowly.
You have a slow metabolism.
You can spit poison.


Message History

To return, you must find a gate leading back.
Killing monsters will force the Abyss to allow you passage.
This branch contains the abyssal rune of Zot.
Found three items.
You drop a +0 spear of distortion.
i - 2 scrolls labeled QEPLYME KEREMY (gained 1)
h - a wand of polymorph (4)
Found 8 stones.
f - 4 rations (gained 1)
Found a leather armour.
k - a scroll labeled OPUKAST WE SEO HP restored.
Found a robe.
l - a grey potion A ynoxinul comes into view.
A bone dragon comes into view.
Found a dented soapstone amulet.
The bone dragon bites you! The bone dragon claws you!
The bone dragon tramples you!
You die...

#. .≈. .# ## . ≈≈
#. . ..# ..#≈≈
.#.#.# #..≈ ..#..
#≈≈≈ ≈..# ♣≈≈##.#
♣.D@.# # . #≈.#..#
.## . ## ##.###.#
.# ##
#......##.##..#
###.#...#....#
#..##......# .
..##.#...#####...
.#...##..##....#..
# ##.....#...
##...


You could see a bone dragon.

Vanquished Creatures
  A dart slug (D:1)
  A ball python (D:1)
  2 hobgoblins (D:1)
  2 bats (D:1)
  A frilled lizard (D:1)
  2 kobolds (D:1)
  2 rats (D:1)
11 creatures vanquished.

Notes
Turn   | Place    | Note
-------+----------+-------------------------------------------
     0 | D:1      | wullow the Naga Wanderer began the quest for the Orb.
     0 | D:1      | wullow set off with the following items: a +2 spear, a +0
                  | short sword, a scroll of teleportation, a +0 robe, a +0
                  | dagger, a ration
     0 | D:1      | Reached XP level 1. HP: 22/22 MP: 1/1
   131 | D:1      | Reached XP level 2. HP: 22/30 MP: 2/2
   139 | D:1      | Reached skill level 5 in Stealth
   188 | D:1      | Cast into level 1 of the Abyss (a distortion unwield)
   244 | Abyss:1  | Noticed a ynoxinul
   252 | Abyss:1  | Noticed a bone dragon
   255 | Abyss:1  | Slain by a bone dragon

Levels and vault maps discovered:
D:1:      saegor_arrival_simple_d, layout_basic, serial_aquarium,
          aquarium_bridge_square [aquarium_subvault_bridge,
          aquarium_subvault_wall, aquarium_subvault_bridge,
          aquarium_subvault_wall], aquarium_bridge_straight
          [aquarium_subvault_bridge, aquarium_subvault_wall,
          aquarium_subvault_bridge, aquarium_subvault_balcony],
          aquarium_window_1, aquarium_window_1, aquarium_view_2f,
          aquarium_balcony_double_4, palyth_stone_intersect
Abyss:1:  evilmike_abyss_exit_11

Skill      XL: |  1  2 |
---------------+-------+-----
Stealth        | 5 |  5.0
Fighting       | |  4.2
Throwing       | |  1.0
Armour         | |  1.5

Action                   || total
-------------------------++-------
Melee: Spear             ||    32
 Stab: Sleeping          ||     2
Armor: Robe              ||    10
Dodge: Dodged            ||     8
